 Dungeon Crawl Stone Soup version 0.21.0-30-g47ce8e4 (webtiles) character file.

2302 tidbits the Magician (level 9, 97/97 HPs)
             Began as a Gnoll Fire Elementalist on Jan 29, 2018.
             Was a Follower of Cheibriados.
             Quit the game on level 2 of the Lair of Beasts.
             The game lasted 00:20:28 (1778 turns).

tidbits the Magician (Gnoll Fire Elementalist)      Turns: 1778, Time: 00:20:29

Health: 97/97      AC: 24    Str: 12    XL:     9   Next: 40%
Magic:  11/18      EV:  2    Int: 22    God:    Cheibriados [*.....]
Gold:   55         SH:  0    Dex: 19    Spells: 8/21 levels left

rFire    . . .     SeeInvis .   N - +2 dire flail (drain)
rCold    . . .     Gourm    .   (shield currently unavailable)
rNeg     + + +     Faith    .   (armour currently unavailable)
rPois    +         Spirit   .   (helmet currently unavailable)
rElec    .         Reflect  .   (cloak currently unavailable)
rCorr    .         Harm     .   (gloves currently unavailable)
MR       +....     NoTele   +   (boots currently unavailable)
Stlth    +++.......             R - amulet of regeneration
HPRegen  0.66/turn              H - ring of protection from magic
MPRegen  0.16/turn              P - ring of poison resistance

@: tree-form, very slow
A: distributed training, strong nose
a: Bend Time, Renounce Religion


You were on level 2 of the Lair of Beasts.
You worshipped Cheibriados.
Cheibriados was aware of your devotion.
You were not hungry.
You were a tree.
You visited 3 branches of the dungeon, and saw 12 of its levels.
You also visited: Sewer.

You collected 234 gold pieces.
You spent 179 gold pieces at shops.

Inventory:

Hand Weapons
 a - a +2 dagger of freezing
   (You took it off an orc wizard on level 6 of the Dungeon)
 g - a +0 hunting sling
 h - a +0 club
 o - a +0 long sword
 u - a cursed -3 war axe
 v - a +2 dagger of flaming
   (You took it off an orc wizard on level 6 of the Dungeon)
 y - a +0 shortbow
 J - a +0 great sword
 M - a +0 short sword
 N - a +2 dire flail of draining (weapon)
   (You took it off a wight on level 8 of the Dungeon)
 O - a +5 long sword
Missiles
 e - 6 javelins (quivered)
 C - 60 arrows
 L - 4 tomahawks
Armour
 q - a cursed +0 pair of boots (melded)
 B - a +0 robe (melded)
 E - a +0 helmet (melded)
 G - a +0 pair of gloves (melded)
Jewellery
 f - an uncursed ring of stealth
   (You found it on level 1 of the Dungeon)
 D - an uncursed ring of flight
   (You found it on level 5 of the Dungeon)
 H - a ring of protection from magic (left branch)
   (You found it on level 1 of the Dungeon)
 I - a +2 ring of strength
   (You found it on level 6 of the Dungeon)
 K - an uncursed ring of resist corrosion
   (You found it on level 8 of the Dungeon)
 P - a ring of poison resistance (right branch)
   (You took it off an orc wizard on level 4 of the Dungeon)
 R - an amulet of regeneration (around neck)
   (You found it on level 1 of the Dungeon)
Wands
 d - a wand of polymorph (9)
 x - a wand of disintegration (10)
Scrolls
 i - a scroll of fear
 k - a scroll of magic mapping
 m - 2 scrolls of fog {unknown}
 n - 4 scrolls of teleportation
 p - 3 scrolls of remove curse {unknown}
 t - a scroll of amnesia {unknown}
 w - 2 scrolls of immolation
 Q - a scroll of enchant weapon {unknown}
Potions
 j - 3 potions of curing
 r - 3 potions of might
 s - a potion of magic
 z - a potion of agility
 A - a potion of flight
Books
 b - a book of Flames

   Spells                             Type                      Level
   a - Flame Tongue                   Conjuration/Fire             1
   b - Throw Flame                    Conjuration/Fire             2
   c - Conjure Flame                  Conjuration/Fire             3
   d - Inner Flame                    Hexes/Fire                   3
   e - Sticky Flame                   Conjuration/Fire             4
   f - Fireball                       Conjuration/Fire             5
 l - a book of Maledictions
   (You found it on level 4 of the Dungeon)

   Spells                             Type                      Level
   a - Corona                         Hexes                        1
   b - Ensorcelled Hibernation        Hexes/Ice                    2
   c - Confuse                        Hexes                        3
   d - Tukima's Dance                 Hexes                        3
   e - Dazzling Spray                 Conjuration/Hexes            3
Comestibles
 c - 9 rations


   Skills:
 + Level 4.1 Fighting
 + Level 4.1 Short Blades
 + Level 4.1 Long Blades
 + Level 4.1 Axes
 + Level 4.1 Maces & Flails
 + Level 4.1 Polearms
 + Level 4.1 Staves
 + Level 4.1 Slings
 + Level 4.1 Bows
 + Level 4.1 Crossbows
 + Level 4.1 Throwing
 + Level 4.1 Armour
 + Level 6.2 Dodging
 + Level 6.0 Stealth
 + Level 4.1 Shields
 + Level 4.1 Unarmed Combat
 + Level 6.5 Spellcasting
 + Level 4.1 Conjurations
 + Level 3.4 Hexes
 + Level 3.4 Charms
 + Level 3.4 Summonings
 + Level 3.4 Necromancy
 + Level 3.4 Translocations
 + Level 3.4 Transmutations
 + Level 6.5 Fire Magic
 + Level 3.4 Ice Magic
 + Level 3.4 Air Magic
 + Level 3.4 Earth Magic
 + Level 3.4 Poison Magic
 + Level 4.5 Invocations
 + Level 4.1 Evocations


You had 8 spell levels left.
You knew the following spells:

 Your Spells              Type           Power        Failure   Level  Hunger
a - Flame Tongue          Conj/Fire      ####.        1%          1    None
c - Conjure Flame         Conj/Fire      ####....     3%          3    #......
i - Inner Flame           Hex/Fire       ####....     3%          3    #......
j - Throw Flame           Conj/Fire      ####..       1%          2    None
t - Sticky Flame          Conj/Fire      ####....     10%         4    ###....


Dungeon Overview and Level Annotations

Branches:
Dungeon (8/15)             Temple (1/1) D:5            Lair (3/6) D:8
  Swamp: Lair:2-4    Shoals: Lair:2-4     Snake: Lair:2-4    Spider: Lair:2-4

Altars:
Ashenzari
Cheibriados
Dithmenos
Elyvilon
Fedhas
Gozag
Kikubaaqudgha
Makhleb
Nemelex Xobeh
Okawaru
Qazlal
Ru
Sif Muna
Trog
Uskayaw
Wu Jian
Yredelemnul
Zin

Shops:
D:7 ?

Annotations:
D:3 exclusion: downstairs


Innate Abilities, Weirdness & Mutations

Your experience applies equally to all skills.
((You have very sharp teeth.))
Your uncanny sense of smell can sniff out nearby items.


Message History

You riposte.
You hit the hippogriff.
The hippogriff is almost dead.
The hippogriff barely misses you. The hippogriff completely misses you.
Casting: Flame Tongue
Confirm with . or Enter, or press ? or * to list all spells.
Aiming: Flame Tongue
Press: ? - help, Shift-Dir - straight line, f/p - hippogriff
Aim: a hippogriff (almost dead)
The flame tongue hits the hippogriff.
You kill the hippogriff!
Cheibriados appreciates the change of pace.
Your life force feels restored.
Casting: Flame Tongue
Confirm with . or Enter, or press ? or * to list all spells.
Aiming: Flame Tongue
Press: ? - help, Shift-Dir - straight line, f - bullfrog
Aim: a bullfrog The flame tongue hits the bullfrog.
The bullfrog is lightly wounded.
Casting: Flame Tongue
Confirm with . or Enter, or press ? or * to list all spells.
Aiming: Flame Tongue
Press: ? - help, Shift-Dir - straight line, f/p - bullfrog
Aim: a bullfrog (lightly wounded)
The flame tongue hits the bullfrog.
The bullfrog is moderately wounded.
The bullfrog hits you but does no damage.
Casting: Flame Tongue
Confirm with . or Enter, or press ? or * to list all spells.
Aiming: Flame Tongue
Press: ? - help, Shift-Dir - straight line, f/p - bullfrog
Aim: a bullfrog (moderately wounded)
The flame tongue hits the bullfrog.
The bullfrog is severely wounded.
The bullfrog hits you.
* * * LOW HITPOINT WARNING * * *
The bullfrog barely misses you.
Casting: Flame Tongue
Confirm with . or Enter, or press ? or * to list all spells.
Aiming: Flame Tongue
Press: ? - help, Shift-Dir - straight line, f/p - bullfrog
Aim: a bullfrog (severely wounded)
The flame tongue hits the bullfrog.
You kill the bullfrog!
Cheibriados thoroughly appreciates the change of pace.
Your Stealth skill increases to level 6!
You see here a ration.
c - 9 rations (gained 1)
There is a stone staircase leading down here.
You climb downwards.
You feel an oppressive heat about you.
There is an entrance to a volcano on this level.
Hurry and find it before the entrance collapses!
A black mamba comes into view.
Found a potion of curing.
There is a stone staircase leading up here.
Put on which piece of jewellery? (? for menu, Esc to quit)
Okay, then.
As you read the scroll of magic mapping, it crumbles to dust.
You feel aware of your surroundings.
You sensed 1 shop/portal.
You found an alarm trap!
A wolf comes into view.
Found a scroll labeled WOMPEED RAILES.
Found an iron wand.
You open the door.
Found a stone staircase leading down.
There is an open door here.
You see here a wand of disintegration (10).
x - a wand of disintegration (10)
You see here a scroll labeled WOMPEED RAILES.
Q - a scroll labeled WOMPEED RAILES You hear the slow rumble of a distant avalanche of rocks.
There is a stone staircase leading down here.
You climb downwards.
There is a stone staircase leading up here.
Unknown command.
Found 21 gold pieces.
There is a stone staircase leading up here.
You climb upwards.
You feel an oppressive heat about you.
There is an entrance to a volcano on this level.
Hurry and find it before the entrance collapses!
There is a stone staircase leading down here.
Unknown command.
Found a stone staircase leading up.
An eight-headed hydra comes into view.
The eight-headed hydra roars!
Found a potion of flight.
You turn into a tree.
Your +0 helmet melds into your body.
Your +0 pair of gloves melds into your body.
Your cursed +0 pair of boots melds into your body.
Your +0 robe melds into your body.
Your roots penetrate the ground.
Wield which item (- for none, * to show all)? (? for menu, Esc to quit)
You sense an unholy aura.
N - a +2 dire flail of draining (weapon)
Casting: Flame Tongue
Confirm with . or Enter, or press ? or * to list all spells.
Aiming: Inner Flame
Press: ? - help, Shift-Dir - straight line, f - eight-headed hydra
Aim: an eight-headed hydra (chance to defeat MR: 54%)
The eight-headed hydra is filled with an inner flame.
Are you sure you want to abandon this character and quit the game? (Confirm with "yes".)

########## *### #........#
*#P.####**
##........###*!......,* *
#.........+.##.......,*** ****
#.......>....+.......,,,***,,,
*#..........##♣..D....,,,,,,,,,
#.#.........###.......,,,,,,,,,
###........## *....<..,,,,,,,,,
##P##P'### *.......,****,,,,
#####.## *.......,* **,,, #...#
*PP+.#..,* *,** ##..##
*##...*#** **,* #...#
*,*#,+#**** **, #.####
**,,..,,,,******,


You could see an eight-headed hydra (inner flame).

Vanquished Creatures
  2 hippogriffs (Lair:1)
  4 ice beasts
  Purgy (Sewer)
  A sky beast (D:5)
  A phantom (D:8)
  2 ogres (D:5)
  2 centaurs
  2 bullfrogs
  4 wights (D:8)
  2 howler monkeys (D:5)
  A hound (D:6)
  A jelly (D:5)
  An orc priest (D:6)
  3 bullfrog skeletons
  A centaur skeleton (D:5)
  4 orc wizards
  6 worker ants
  A hound zombie (D:5)
  A worker ant zombie (D:5)
  6 adders
  A shadow imp (D:4)
  An ooze (D:4)
  A worm (D:3)
  2 dart slugs (D:3)
  3 leopard geckos
  3 orcs
  4 giant cockroaches
  3 goblins
  4 hobgoblins
  10 jackals
  2 kobolds
  A ball python (D:3)
  4 bats
  8 frilled lizards
  2 leopard gecko skeletons (D:5)
  5 rats
  A fungus (D:8)
101 creatures vanquished.

Notes
Turn   | Place    | Note
-------+----------+-------------------------------------------
     0 | D:1      | tidbits the Gnoll Fire Elementalist began the quest for the Orb.
     0 | D:1      | Reached XP level 1. HP: 13/13 MP: 6/6
    27 | D:1      | Reached skill level 2 in Conjurations
    77 | D:1      | Reached XP level 2. HP: 17/19 MP: 4/7
    81 | D:1      | Learned a level 2 spell: Throw Flame
   301 | D:4      | Noticed an ogre
   425 | D:3      | Reached XP level 3. HP: 20/25 MP: 6/9
   435 | D:3      | Reached skill level 5 in Spellcasting
   470 | D:3      | Found a blossoming altar of Fedhas.
   531 | D:3      | Learned a level 3 spell: Conjure Flame
   535 | D:3      | Learned a level 3 spell: Inner Flame
   554 | D:3      | Reached skill level 1 in Invocations
   628 | D:3      | Found a glowing drain.
   641 | D:3      | Reached skill level 1 in Fighting
   641 | D:3      | Reached skill level 1 in Short Blades
   641 | D:3      | Reached skill level 1 in Long Blades
   641 | D:3      | Reached skill level 1 in Axes
   641 | D:3      | Reached skill level 1 in Maces & Flails
   641 | D:3      | Reached skill level 1 in Polearms
   641 | D:3      | Reached skill level 1 in Staves
   641 | D:3      | Reached skill level 1 in Slings
   641 | D:3      | Reached skill level 1 in Bows
   641 | D:3      | Reached skill level 1 in Crossbows
   641 | D:3      | Reached skill level 1 in Throwing
   641 | D:3      | Reached skill level 1 in Armour
   641 | D:3      | Reached skill level 1 in Shields
   641 | D:3      | Reached skill level 1 in Unarmed Combat
   641 | D:3      | Reached skill level 1 in Evocations
   649 | D:3      | Reached XP level 4. HP: 32/32 MP: 4/11
   672 | D:4      | Learned a level 4 spell: Sticky Flame
   688 | Sewer    | Entered a sewer
   720 | Sewer    | Noticed Purgy
   757 | Sewer    | Killed Purgy
   757 | Sewer    | Reached skill level 1 in Hexes
   757 | Sewer    | Reached skill level 1 in Charms
   757 | Sewer    | Reached skill level 1 in Summonings
   757 | Sewer    | Reached skill level 1 in Necromancy
   757 | Sewer    | Reached skill level 1 in Translocations
   757 | Sewer    | Reached skill level 1 in Transmutations
   757 | Sewer    | Reached skill level 1 in Ice Magic
   757 | Sewer    | Reached skill level 1 in Air Magic
   757 | Sewer    | Reached skill level 1 in Earth Magic
   757 | Sewer    | Reached skill level 1 in Poison Magic
   757 | Sewer    | Reached XP level 5. HP: 30/37 MP: 7/12
   955 | D:4      | Reached XP level 6. HP: 44/44 MP: 7/13
   957 | D:4      | Reached skill level 2 in Invocations
   979 | D:5      | Entered Level 5 of the Dungeon
   979 | D:5      | Found a staircase to the Ecumenical Temple.
   981 | D:5      | Reached skill level 5 in Dodging
   987 | Temple   | Entered the Ecumenical Temple
  1082 | D:5      | Reached skill level 2 in Fighting
  1082 | D:5      | Reached skill level 2 in Short Blades
  1082 | D:5      | Reached skill level 2 in Long Blades
  1082 | D:5      | Reached skill level 2 in Axes
  1082 | D:5      | Reached skill level 2 in Maces & Flails
  1082 | D:5      | Reached skill level 2 in Polearms
  1082 | D:5      | Reached skill level 2 in Staves
  1082 | D:5      | Reached skill level 2 in Slings
  1082 | D:5      | Reached skill level 2 in Bows
  1082 | D:5      | Reached skill level 2 in Crossbows
  1082 | D:5      | Reached skill level 2 in Throwing
  1082 | D:5      | Reached skill level 2 in Armour
  1082 | D:5      | Reached skill level 2 in Shields
  1082 | D:5      | Reached skill level 2 in Unarmed Combat
  1082 | D:5      | Reached skill level 2 in Evocations
  1100 | D:5      | Reached XP level 7. HP: 22/50 MP: 0/15
  1136 | D:4      | Reached skill level 2 in Hexes
  1136 | D:4      | Reached skill level 2 in Charms
  1136 | D:4      | Reached skill level 2 in Summonings
  1136 | D:4      | Reached skill level 2 in Necromancy
  1136 | D:4      | Reached skill level 2 in Translocations
  1136 | D:4      | Reached skill level 2 in Transmutations
  1136 | D:4      | Reached skill level 2 in Ice Magic
  1136 | D:4      | Reached skill level 2 in Air Magic
  1136 | D:4      | Reached skill level 2 in Earth Magic
  1136 | D:4      | Reached skill level 2 in Poison Magic
  1165 | D:5      | Reached skill level 3 in Conjurations
  1242 | D:5      | Reached skill level 5 in Stealth
  1242 | D:5      | Reached skill level 3 in Invocations
  1266 | D:5      | Reached skill level 6 in Fire Magic
  1266 | D:5      | Reached XP level 8. HP: 46/57 MP: 3/16
  1293 | D:5      | Reached skill level 3 in Fighting
  1293 | D:5      | Reached skill level 3 in Short Blades
  1293 | D:5      | Reached skill level 3 in Long Blades
  1293 | D:5      | Reached skill level 3 in Axes
  1293 | D:5      | Reached skill level 3 in Maces & Flails
  1293 | D:5      | Reached skill level 3 in Polearms
  1293 | D:5      | Reached skill level 3 in Staves
  1293 | D:5      | Reached skill level 3 in Slings
  1293 | D:5      | Reached skill level 3 in Bows
  1293 | D:5      | Reached skill level 3 in Crossbows
  1293 | D:5      | Reached skill level 3 in Throwing
  1293 | D:5      | Reached skill level 3 in Armour
  1293 | D:5      | Reached skill level 3 in Shields
  1293 | D:5      | Reached skill level 3 in Unarmed Combat
  1293 | D:5      | Reached skill level 3 in Evocations
  1361 | D:6      | Found a snail-covered altar of Cheibriados.
  1370 | D:6      | Became a worshipper of Cheibriados the Contemplative
  1380 | D:6      | Found a deep blue altar of Sif Muna.
  1388 | D:6      | Reached skill level 6 in Spellcasting
  1508 | D:7      | Found Urocoupt's Magic Scroll Boutique.
  1515 | D:7      | Bought a scroll of identify for 30 gold pieces
  1519 | D:7      | Bought a scroll of fear for 52 gold pieces
  1519 | D:7      | Bought a scroll of magic mapping for 52 gold pieces
  1519 | D:7      | Bought a scroll of identify for 30 gold pieces
  1519 | D:7      | Bought a scroll of noise for 15 gold pieces
  1578 | D:8      | Reached skill level 4 in Invocations
  1581 | D:8      | Reached skill level 3 in Hexes
  1581 | D:8      | Reached skill level 3 in Charms
  1581 | D:8      | Reached skill level 3 in Summonings
  1581 | D:8      | Reached skill level 3 in Necromancy
  1581 | D:8      | Reached skill level 3 in Translocations
  1581 | D:8      | Reached skill level 3 in Transmutations
  1581 | D:8      | Reached skill level 3 in Ice Magic
  1581 | D:8      | Reached skill level 3 in Air Magic
  1581 | D:8      | Reached skill level 3 in Earth Magic
  1581 | D:8      | Reached skill level 3 in Poison Magic
  1585 | D:8      | Reached XP level 9. HP: 41/65 MP: 10/18
  1588 | D:8      | Reached skill level 6 in Dodging
  1617 | D:8      | Reached * piety under Cheibriados
  1670 | D:8      | Found a staircase to the Lair.
  1683 | Lair:1   | Entered Level 1 of the Lair of Beasts
  1695 | Lair:1   | Reached skill level 4 in Fighting
  1695 | Lair:1   | Reached skill level 4 in Short Blades
  1695 | Lair:1   | Reached skill level 4 in Long Blades
  1695 | Lair:1   | Reached skill level 4 in Axes
  1695 | Lair:1   | Reached skill level 4 in Maces & Flails
  1695 | Lair:1   | Reached skill level 4 in Polearms
  1695 | Lair:1   | Reached skill level 4 in Staves
  1695 | Lair:1   | Reached skill level 4 in Slings
  1695 | Lair:1   | Reached skill level 4 in Bows
  1695 | Lair:1   | Reached skill level 4 in Crossbows
  1695 | Lair:1   | Reached skill level 4 in Throwing
  1695 | Lair:1   | Reached skill level 4 in Armour
  1695 | Lair:1   | Reached skill level 4 in Shields
  1695 | Lair:1   | Reached skill level 4 in Unarmed Combat
  1695 | Lair:1   | Reached skill level 4 in Conjurations
  1695 | Lair:1   | Reached skill level 4 in Evocations
  1716 | Lair:1   | Reached skill level 6 in Stealth
  1725 | Lair:2   | Noticed a black mamba
  1774 | Lair:2   | Noticed an eight-headed hydra
  1778 | Lair:2   | Quit the game

Skill      XL: |  1  2  3  4  5  6  7  8  9 |
---------------+----------------------------+-----
Conjurations   | 2 3 4 |  4.1
Spellcasting   | 5 6 |  6.5
Invocations    | 1 2 3 4 |  4.5
Fighting       | 1 2 3 4 |  4.1
Short Blades   | 1 2 3 4 |  4.1
Long Blades    | 1 2 3 4 |  4.1
Axes           | 1 2 3 4 |  4.1
Maces & Flails | 1 2 3 4 |  4.1
Polearms       | 1 2 3 4 |  4.1
Staves         | 1 2 3 4 |  4.1
Slings         | 1 2 3 4 |  4.1
Bows           | 1 2 3 4 |  4.1
Crossbows      | 1 2 3 4 |  4.1
Throwing       | 1 2 3 4 |  4.1
Armour         | 1 2 3 4 |  4.1
Shields        | 1 2 3 4 |  4.1
Unarmed Combat | 1 2 3 4 |  4.1
Evocations     | 1 2 3 4 |  4.1
Hexes          | 1 2 3 |  3.4
Charms         | 1 2 3 |  3.4
Summonings     | 1 2 3 |  3.4
Necromancy     | 1 2 3 |  3.4
Translocations | 1 2 3 |  3.4
Transmutations | 1 2 3 |  3.4
Ice Magic      | 1 2 3 |  3.4
Air Magic      | 1 2 3 |  3.4
Earth Magic    | 1 2 3 |  3.4
Poison Magic   | 1 2 3 |  3.4
Dodging        | 5 6 |  6.2
Stealth        | 5 6 |  6.0
Fire Magic     | 6 |  6.5

Action                   |  1- 3 |  4- 6 |  7- 9 || total
-------------------------+-------+-------+-------++-------
Melee: Short sword       |     1 |    11 |    48 ||    60
       Bite              |       |     1 |     8 ||     9
       Dagger            |       |       |    14 ||    14
       Great sword       |       |       |    32 ||    32
       Punch             |       |       |     2 ||     2
 Cast: Flame Tongue      |    55 |    35 |    41 ||   131
       Throw Flame       |       |     1 |     6 ||     7
       Sticky Flame      |       |     2 |     9 ||    11
       Inner Flame       |       |       |     2 ||     2
Evoke: Wand              |       |     4 |     4 ||     8
  Use: Potion            |       |     1 |     3 ||     4
       Scroll            |       |       |     8 ||     8
 Stab: Sleeping          |       |     1 |     8 ||     9
  Eat: Ration            |     1 |       |     1 ||     2
Armor: Robe              |     3 |     5 |    23 ||    31
Dodge: Dodged            |    14 |    28 |    92 ||   134
       Rpst.: Great sword |       |       |     6 ||     6

Table legend:
 A = Turns spent in this place as a percentage of turns spent in the entire game.
 B = Non-inter-level travel turns spent in this place as a percentage of non-inter-level travel turns spent in the entire game.
 C = Inter-level travel turns spent in this place as a percentage of turns spent in this place.
 D = Turns resting spent in this place as a percentage of non-inter-level travel turns spent in this place.
 E = Turns spent auto-exploring this place as a percentage of non-inter-level travel turns spent in this place.
 F = Non-inter-level travel turns spent in this place divided by the number of levels of this place that you've seen.
                   A       B       C       D       E      F
               +-------+-------+-------+-------+-------+----------------------
         Total | 100.0 | 100.0 |   1.4 |   0.0 |   0.0 | 134.8
       Dungeon |  84.1 |  84.3 |   1.1 |   0.0 |   0.0 | 184.8
        Temple |   5.2 |   4.8 |   8.7 |   0.0 |   0.0 |  84.0
          Lair |   5.3 |   5.4 |   0.0 |   0.0 |   0.0 |  31.7
         Sewer |   5.4 |   5.5 |   0.0 |   0.0 |   0.0 |  96.0
               +-------+-------+-------+-------+-------+----------------------

Table legend:
 A = Kills in this place as a percentage of kills in entire the game.
 B = Kills by you in this place as a percentage of kills by you in the entire game.
 C = Kills by friends in this place as a percentage of kills by friends in the entire game.
 D = Other kills in this place as a percentage of other kills in the entire game.
 E = Experience gained in this place as a percentage of experience gained in the entire game.
 F = Experience gained in this place divided by the number of levels of this place that you have seen.
                   A       B       C       D       E      F
               +-------+-------+-------+-------+-------+----------------------
         Total | 100.0 | 100.0 |   N/A |   N/A | 100.0 | 253.0
       Dungeon |  93.0 |  93.0 |   N/A |   N/A |  77.8 | 319.8
          Lair |   3.0 |   3.0 |   N/A |   N/A |  18.1 | 198.0
         Sewer |   4.0 |   4.0 |   N/A |   N/A |   4.2 | 137.0
               +-------+-------+-------+-------+-------+----------------------

Vault maps used:
D:1:      tarquinn_simple_flora_water_d, dk_noncrumbling_4
D:2:      tso_oasis_becter
D:3:      fedhas_altar_fruit_tree, gup_sewer_entry_glass
D:4:      nicolae_ossuary_entry_monument, uniq_edmund, uniq_menkaure
D:5:      minmay_temple_entry_overgrown, first_ration
D:6:      lemuel_round_altar, minitemple, cheibriados_altar_1, st_stairs_3
D:7:      serial_shops, shop
D:8:      dpeg_oklobed_lair, the_bakery, uniq_psyche
Temple:   eino_temple_scatter_basement
Lair:1:   st_stairs_7, grunt_forest_large_clearings, minmay_lair_oklob_chamber,
          serial_bayou_shore_a, uniq_joseph
Lair:2:   nicolae_volcano_entry_lava_flow
Lair:3:   elwin_shoals_entry_rooms, spider_nest_entry_web_field
Sewer:    sewer_co_purgy_island
